 Dungeon Crawl Stone Soup version 0.28-a0-519-gbfeecf2fc5 (webtiles) character file.

Game seed: 2129625312831043805

7745 speeev33 the Fighter (level 11, -7/73 HPs)
             Began as a Gargoyle Fighter on Sept 23, 2021.
             Was an Elder of Okawaru.
             Mangled by a two-headed ogre (17 damage)
             ... on level 10 of the Dungeon.
             The game lasted 00:22:29 (10664 turns).

speeev33 the Fighter (Gargoyle Fighter)            Turns: 10664, Time: 00:22:30

Health: -7/73      AC: 25    Str: 22    XL:     11   Next: 20%
Magic:  11/11      EV: 13    Int: 10    God:    Okawaru [****..]
Gold:   568        SH:  4    Dex: 11    Spells: 10/10 levels left

rFire   . . .      SeeInvis .   w - +2 flail (protect)
rCold   + + .      Faith    .   c - +0 buckler
rNeg    + . .      Spirit   .   e - +3 robe of Clouds {*Thunder rCloud rElec}
rPois   ∞          Reflect  .   i - +2 helmet
rElec   +          Harm     .   (no cloak)
rCorr   +          Rampage  .   q - +0 pair of gloves
Will    .....                   (no boots)
Stlth   +.........              (no amulet)
HPRegen 0.22/turn               h - +6 ring of dexterity
MPRegen 0.12/turn               d - ring "Wyulous" {rC++ rCorr Dex-4}

@: under a protective aura
A: sickness immunity, AC +8, negative energy resistance 1, electricity
resistance, torment resistance 1, petrification resistance
a: Renounce Religion, Heroism, Finesse


You were on level 10 of the Dungeon.
You worshipped Okawaru.
Okawaru was greatly pleased with you.
You visited 2 branches of the dungeon, and saw 11 of its levels.

You collected 568 gold pieces.

Inventory:

Hand Weapons
 w - a +2 flail of protection (weapon)
 x - a +0 morningstar
Missiles
 a - 3 curare-tipped darts
 t - 21 poisoned darts (quivered)
Armour
 c - a +0 buckler (worn)
 e - the +3 robe of Clouds (worn) {*Thunder rCloud rElec}
   (You found it on level 4 of the Dungeon)

   It occasionally creates storm clouds above nearby enemies.
   It grants its wearer immunity to clouds.
   rElec:     It insulates you from electricity.
 i - a +2 helmet (worn)
 q - a +0 pair of gloves (worn)
Jewellery
 d - the ring "Wyulous" (right hand) {rC++ rCorr Dex-4}
   (You acquired it on level 3 of the Dungeon)

   [ring of resist corrosion]

   Dex:       It affects your dexterity (-4).
   rC:        It greatly protects you from cold.
   rCorr:     It protects you from acid and corrosion.
 h - a +6 ring of dexterity (left hand)
 s - a +6 ring of dexterity
Wands
 k - a wand of flame (10)
 m - a wand of iceblast (2)
 y - a wand of paralysis (2)
Scrolls
 f - 3 scrolls of teleportation
Potions
 b - a potion of brilliance
 g - 3 potions of heal wounds
 j - a potion of flight {unknown}
 l - 4 potions of curing
 n - 2 potions of ambrosia
 o - 2 potions of invisibility
 p - a potion of mutation {unknown}
 r - 2 potions of lignification {unknown}
 u - a potion of haste {unknown}
 v - a potion of berserk rage {unknown}


   Skills:
 + Level 10.9 Fighting
 + Level 9.7 Maces & Flails
 - Level 9.8 Armour
 * Level 5.0 Dodging
 - Level 4.0 Shields


You had 10 spell levels left.
You didn't know any spells.
Your spell library contained the following spells:

 Spells                   Type           Power      Damage    Failure   Level
 Beastly Appendage        Tmut           0%         N/A       36%         1
 Foxfire                  Conj/Fire      0%         2x1d4     36%         1
 Freeze                   Ice            0%         1d3       36%         1
 Pain                     Necr           0%         1d4       36%         1
 Shock                    Conj/Air       0%         1d3       36%         1
 Ensorcelled Hibernation  Hex/Ice        0%         N/A       50%         2
 Conjure Flame            Conj/Fire      0%         6-21      75%         3
 Frozen Ramparts          Ice            0%         1d2       75%         3
 Inner Flame              Hex/Fire       0%         N/A       75%         3
 Swiftness                Air            0%         N/A       75%         3
 Airstrike                Air            0%         N/A       98%         4
 Flame Wave               Conj/Fire      0%         3d3       98%         4
 Hailstorm                Conj/Ice       0%         3d3       98%         4
 Petrify                  Tmut/Erth      0%         N/A       98%         4
 Agony                    Necr           0%         N/A       100%        5
 Excruciating Wounds      Necr           0%         N/A       100%        5
 Necromutation            Tmut/Necr      0%         N/A       100%        8
 Tukima's Dance           Hex            Unusable   N/A       N/A         3
 Haunt                    Necr/Summ      Unusable   N/A       N/A         7

Dungeon Overview and Level Annotations

Branches:
Dungeon (10/15)            Temple (1/1) D:6            Lair (0/6) D:10
    Orc: D:9-12

Altars:
Ashenzari
Cheibriados
Dithmenos
Fedhas
Gozag
Hepliaklqana
Kikubaaqudgha
Makhleb
Nemelex Xobeh
Okawaru
Qazlal
Ru
Sif Muna
Trog
Uskayaw
Wu Jian
Xom
Yredelemnul
Zin
The Shining One

Annotations:
D:2 1 runed translucent door, Crazy Yiuf


Innate Abilities, Weirdness & Mutations

You are immune to sickness and miasma.
Your stone body is resilient. (AC +8)
You are immune to poison.
You resist negative energy. (rN+)
You are resistant to electric shocks. (rElec)
You are resistant to unholy torment.
You are immune to petrification.


Message History

Press: ? - help, Shift-Dir - straight line, f/p - two-headed ogre
Aim: a two-headed ogre, wielding two +0 giant spiked clubs (chance to affect: 28%)
The two-headed ogre easily resists.
Aiming: Paralyse
Press: ? - help, Shift-Dir - straight line, f/p - two-headed ogre
Aim: a two-headed ogre, wielding two +0 giant spiked clubs (chance to affect: 28%)
The two-headed ogre easily resists.
Aiming: Paralyse
Press: ? - help, Shift-Dir - straight line, f/p - two-headed ogre
Aim: a two-headed ogre, wielding two +0 giant spiked clubs (chance to affect: 28%)
The two-headed ogre easily resists.
Aiming: Paralyse
Press: ? - help, Shift-Dir - straight line, f/p - two-headed ogre
Aim: a two-headed ogre, wielding two +0 giant spiked clubs (chance to affect: 28%)
The two-headed ogre easily resists.
The two-headed ogre misses you. The two-headed ogre closely misses you.
Found a staircase to the Lair.
You hit the two-headed ogre.
Your weapon exudes an aura of protection.
The two-headed ogre is lightly wounded.
You hit the two-headed ogre.
The two-headed ogre is lightly wounded.
The two-headed ogre barely misses you.
The two-headed ogre hits you with a +0 giant spiked club!!
You thump the two-headed ogre!
The two-headed ogre is moderately wounded.
You block the two-headed ogre's attack. The two-headed ogre barely misses you.
You sock the two-headed ogre!
The two-headed ogre is heavily wounded.
The two-headed ogre hits you but does no damage.
The two-headed ogre hits you with a +0 giant spiked club!
The two-headed ogre closely misses you.
The two-headed ogre hits you with a +0 giant spiked club!!
* * * LOW HITPOINT WARNING * * *
You hit the two-headed ogre.
Your weapon exudes an aura of protection.
The two-headed ogre is severely wounded.
Storm clouds gather above the two-headed ogre.
The two-headed ogre hits you with a +0 giant spiked club!
You die... ##PPPPP##

#..PPPP.#
##PPPP...# #####
####..P..>.P#####
.....
.......P...P#..†#
...#
#....PP...#...#
...#
#.........###)#
...# #....PP.PP#
#.# ...#.
#.#..@OP.P###.#
..... ..
#.....PP#...#
..... #
##...PP##...#
.....
##...###...#
..... #..>......#
..... #.........#
..... #.........#
.....#
#.†.......#
.....#
#.........#


You could see a two-headed ogre.

Vanquished Creatures
  A hydra (D:10)
  A two-headed ogre (D:9)
  Pikel (D:7)
  A deep elf zephyrmancer (D:10)
  A komodo dragon (D:10)
  2 trolls
  A shadow (D:9)
  6 yaks (D:7)
  3 wyverns
  Sigmund (D:3)
  An ice beast (D:8)
  A sky beast (D:7)
  A hornet zombie (D:5)
  3 orc warriors
  2 black bears
  3 ogres
  2 necrophages
  3 centaurs
  4 lemures (D:7)
  2 kobold brigands
  A phantom (D:5)
  3 gnoll sergeants
  3 bullfrogs
  3 scorpions
  A wyvern skeleton (D:7)
  6 killer bees (D:7)
  2 howler monkeys
  A bullfrog zombie (D:3)
  2 centaur zombies
  3 hounds
  A centaur skeleton (D:7)
  2 bullfrog skeletons (D:5)
  Ijyb (D:3)
  Natasha (D:3)
  3 orc wizards
  4 iguanas
  A killer bee zombie (D:9)
  Robin (D:2)
  14 gnolls
  7 adders
  A white imp (D:7)
  2 ufetubi
  An adder skeleton (D:4)
  A dart slug (D:3)
  20 orcs
  12 ball pythons
  6 endoplasms
  3 giant cockroaches
  6 hobgoblins
  13 kobolds
  5 quokkas
  6 bats
  3 frilled lizards
  12 goblins
  4 rats
  A toadstool (D:1)
196 creatures vanquished.

Vanquished Creatures (others)
  15 plants (D:10)
  3 toadstools (D:1)
  4 withered plants (D:2)
22 creatures vanquished.

Grand Total: 218 creatures vanquished

Notes
Turn   | Place    | Note
-------+----------+-------------------------------------------
     0 | D:1      | speeev33 the Gargoyle Fighter began the quest for the Orb.
     0 | D:1      | Reached XP level 1. HP: 14/14 MP: 1/1
   301 | D:1      | Reached XP level 2. HP: 19/19 MP: 2/2
  1055 | D:2      | Reached XP level 3. HP: 15/23 MP: 3/3
  1442 | D:2      | Found a runed translucent door.
  1443 | D:2      | Noticed Crazy Yiuf
  1485 | D:2      | Found a faded altar of an unknown god.
  1601 | D:2      | Noticed Robin
  1612 | D:2      | Killed Robin
  1613 | D:2      | Reached XP level 4. HP: 11/29 MP: 4/4
  1943 | D:2      | Reached skill level 4 in Fighting
  2438 | D:3      | Noticed Sigmund
  2449 | D:3      | Killed Sigmund
  2450 | D:3      | Reached XP level 5. HP: 24/34 MP: 5/5
  2450 | D:3      | Reached XP level 6. HP: 28/39 MP: 6/6
  2545 | D:3      | Noticed Ijyb
  2565 | D:3      | Killed Ijyb
  2568 | D:3      | Identified a scroll of acquirement
  2568 | D:3      | Acquired the ring "Wyulous" {rC++ rCorr Dex-4}
  2677 | D:3      | Found a glowing silver altar of Zin.
  2825 | D:3      | Noticed Natasha
  2833 | D:3      | Killed Natasha
  2834 | D:3      | Reached skill level 5 in Fighting
  2897 | D:3      | Reached skill level 5 in Armour
  3463 | D:4      | Found the +3 robe of Clouds {*Thunder rCloud rElec}
  3543 | D:4      | Found a sacrificial altar of Ru.
  3671 | D:4      | Noticed a black bear
  3679 | D:4      | Killed a black bear
  3680 | D:4      | Reached XP level 7. HP: 28/44 MP: 7/7
  3846 | D:4      | Identified the +1 leather armour "Soesoemewa" {Dex+7}
  3908 | D:4      | Found a bloodstained altar of Trog.
  4142 | D:5      | Entered Level 5 of the Dungeon
  4276 | D:5      | Reached skill level 6 in Fighting
  4372 | D:5      | Reached skill level 5 in Maces & Flails
  4514 | D:5      | Reached XP level 8. HP: 46/52 MP: 8/8
  4779 | D:5      | Identified the +1 spear of Checks and Balances {flame,
                  | rPois Will+}
  5080 | D:6      | Reached skill level 7 in Fighting
  5555 | D:6      | Found a staircase to the Ecumenical Temple.
  5643 | Temple   | Entered the Ecumenical Temple
  5785 | Temple   | Became a worshipper of Warmaster Okawaru
  6069 | D:7      | Reached XP level 9. HP: 52/58 MP: 9/9
  6269 | D:7      | Got Cigotuvi's Tome of Shifting Darkness
  6648 | D:7      | Reached skill level 8 in Fighting
  6962 | D:7      | Reached * piety under Okawaru
  7475 | D:8      | Noticed Pikel
  7505 | D:7      | Killed Pikel
  7646 | D:7      | Reached ** piety under Okawaru
  7647 | D:7      | Reached skill level 9 in Fighting
  7758 | D:7      | Reached XP level 10. HP: 57/66 MP: 10/10
  8210 | D:8      | Reached *** piety under Okawaru
  8288 | D:8      | Reached skill level 1 in Dodging
  8522 | D:9      | Reached skill level 10 in Fighting
  8588 | D:9      | Noticed a two-headed ogre
  8602 | D:9      | Killed a two-headed ogre
  8824 | D:9      | Found a snail-covered altar of Cheibriados.
  8902 | D:9      | Found a basalt altar of Yredelemnul.
  8902 | D:9      | Found a shimmering blue altar of Sif Muna.
  8923 | D:9      | Found a shadowy altar of Dithmenos.
  9094 | D:9      | Reached **** piety under Okawaru
  9765 | D:10     | Entered Level 10 of the Dungeon
 10044 | D:10     | Noticed a deep elf pyromancer
 10044 | D:10     | Noticed a deep elf zephyrmancer
 10046 | D:10     | Noticed an orc sorcerer
 10048 | D:10     | Noticed a sixfirhy
 10246 | D:10     | Noticed a two-headed ogre
 10441 | D:10     | Reached XP level 11. HP: 73/73 MP: 11/11
 10446 | D:10     | Noticed a seven-headed hydra
 10519 | D:10     | Killed a seven-headed hydra
 10530 | D:10     | Killed a deep elf zephyrmancer
 10643 | D:10     | Reached skill level 5 in Dodging
 10652 | D:10     | Found a staircase to the Lair.
 10664 | D:10     | Mangled by a two-headed ogre

Illustrated notes

Levels and vault maps discovered:
D:1:      ldierk_water_garden, layout_basic
D:2:      layout_basic, ebering_ecumenical_altar_petrified,
          uniq_crazy_yiuf_cottage, uniq_robin
D:3:      layout_basic, zin_academy, uniq_ijyb, uniq_sigmund, uniq_natasha
D:4:      layout_basic, trog_book, mainiacjoe_overflow_24_doors, corexii_shack,
          chequers_serial_rivers_micro_b
D:5:      layout_basic, minivault_1, minmay_misc_feat_tiny, minmay_misc_feat_x,
          chequers_serial_rivers_micro_a
D:6:      layout_gridville, lemuel_temple_firewalk_a, minmay_misc_feat_columns,
          kennysheep_generic_room_11
D:7:      layout_basic
D:8:      layout_cave_pools, serial_bayou_pond_e, uniq_pikel
D:9:      layout_loops_corners, grunt_temple_overflow_open,
          nicolae_overflow_hidden_temple
D:10:     minmay_the_grid_4x2 [minmay_the_grid_spin_star,
          minmay_the_grid_dragon_b, minmay_the_grid_rooms,
          minmay_the_grid_small_cups, minmay_the_grid_tri_star,
          minmay_the_grid_square_x, minmay_the_grid_odd_star,
          minmay_the_grid_prize_inner_circle], layout_stronghold,
          nicolae_vehumet_radiance, david_lair_shrubbed
Temple:   nicolae_temple_figure_eight

Skill      XL: |  1  2  3  4  5  6  7  8  9 10 11 |
---------------+----------------------------------+-----
Armour         | 4 5 6 7 9 |  9.8
Shields        | 4 |  4.0
Fighting       | 4 5 6 7 9 10 | 10.9
Maces & Flails | 3 4 5 6 8 9 |  9.7
Dodging        | 4 5 |  5.0

Action                   |  1- 3 |  4- 6 |  7- 9 | 10-12 || total
-------------------------+-------+-------+-------+-------++-------
Melee: Flail             |   133 |   123 |   134 |   137 ||   527
       Short sword       |       |       |   153 |       ||   153
       Morningstar       |       |       |       |    36 ||    36
Throw: Dart              |       |       |       |     3 ||     3
       Throwing net      |       |       |       |     1 ||     1
Evoke: Wand              |       |       |     2 |    10 ||    12
  Use: Scroll            |     3 |     5 |     3 |     5 ||    16
       Potion            |       |     1 |       |     1 ||     2
Armor: Scale mail        |   105 |     1 |       |       ||   106
       Chain mail        |       |    63 |       |       ||    63
       Robe              |       |    16 |   140 |   119 ||   275
Dodge: Dodged            |    78 |    60 |   167 |   124 ||   429
Block: Buckler           |    40 |    27 |    64 |    55 ||   186

Table legend: (Time is in decaauts)
 A = Elapsed time spent in this place.
 B = Non-inter-level travel time spent in this place.
 C = Inter-level travel time spent in this place.
 D = Time resting spent in this place.
 E = Time spent auto-exploring this place.
 F = Levels seen in this place.
 G = Mean time per level.
                   A        B        C        D        E       F      G
               +--------+--------+--------+--------+--------+-----+--------+
         Total |  10769 |  10399 |    370 |   2430 |   5053 |  11 |  979.0 |
       Dungeon |  10554 |  10194 |    360 |   2430 |   4854 |  10 | 1055.4 |
        Temple |    214 |    204 |     10 |      0 |    199 |   1 |  214.0 |
               +--------+--------+--------+--------+--------+-----+--------+

Top non-repeatable levels by time:
     D:7: 2015 daAuts
     D:9: 1388 daAuts
     D:2: 1283 daAuts
     D:1: 1203 daAuts
     D:3: 934 daAuts
     D:5: 825 daAuts
     D:4: 795 daAuts
    D:10: 759 daAuts
     D:6: 735 daAuts
     D:8: 613 daAuts
  Temple: 214 daAuts
